3AAA
NOLENSVILLE KNIGHTS @ ATHLETIC CLUB KC RESERVES
09/05/2042
 
TOP OF THE 1ST
Nolensville Knights batting - Pitching for Athletic Club KC Reserves : LHP Ian Airy
Pitching: LHP Ian Airy
Batting: RHB Dale Goodman 0-0: Called Strike
0-1: Foul Ball, location: 2F
0-2: Foul Ball, location: 2F
0-2: Foul Ball, location: 2F
0-2: Ball
1-2: Ground out 1-3 (Groundball, 15S, EV 64.4 MPH)
Batting: LHB Brian Harmon 0-0: Called Strike
0-1: Ball
1-1: Ball
2-1: Ball
3-1: Base on Balls
Batting: RHB Omar Luoa 0-0: Ball
1-0: Called Strike
1-1: Fielders Choice at 2nd, 1-4 (Groundball, 15S, EV 66.9 MPH)
Batting: RHB Nick McGhee 0-0: Ball
1-0: Foul Ball, location: 2F
1-1: Ball
2-1: Ball
3-1: Ground out U3 (Groundball, 3, EV 108.8 MPH)
Top of the 1st over - 0 runs, 0 hits, 0 errors, 1 left on base; Nolensville 0 - Athletic Club KC 0
BOTTOM OF THE 1ST
Athletic Club KC Reserves batting - Pitching for Nolensville Knights : RHP Ed Lake
Pitching: RHP Ed Lake
Batting: RHB Marcos Quintana 0-0: Called Strike
0-1: Foul Ball, location: 2F
0-2: SINGLE (Line Drive, 8LS, EV 101.9 MPH)
Batting: SHB Gary Hopkins 0-0: Called Strike
Marcos Quintana steals 2nd base
0-1: Foul Ball, location: 2F
0-2: Ball
1-2: Foul Ball, location: 2F
1-2: Ground out 5-3 (Groundball, 56, EV 104.4 MPH)
Batting: RHB Dick Barnett 0-0: Ball
1-0: Called Strike
1-1: Ground out 5-3 (Groundball, 56, EV 105.0 MPH)
Batting: LHB Oriol Fernández 0-0: Ball
1-0: Ground out 4-3 (Groundball, 4, EV 96.9 MPH)
Bottom of the 1st over - 0 runs, 1 hit, 0 errors, 1 left on base; Nolensville 0 - Athletic Club KC 0
TOP OF THE 2ND
Nolensville Knights batting - Pitching for Athletic Club KC Reserves : LHP Ian Airy
Batting: LHB Juan Jimínez 0-0: Called Strike
0-1: Ball
1-1: SINGLE (Line Drive, 89M, EV 109.4 MPH)
Batting: RHB Dave Maxwell Pickoff Throw to First - Out! 1-3
0-0: Ball
1-0: Ball
2-0: Ball
3-0: Called Strike
3-1: Called Strike
3-2: Base on Balls
Batting: LHB Jorge Mateu 0-0: Foul Ball, location: 2F
0-1: Ball
1-1: Fly out, F8 (Flyball, 8LD, EV 106.9 MPH)
Batting: RHB Ace Felder 0-0: Ground out 1-3 (Groundball, P, EV 67.5 MPH)
Top of the 2nd over - 0 runs, 1 hit, 0 errors, 1 left on base; Nolensville 0 - Athletic Club KC 0
BOTTOM OF THE 2ND
Athletic Club KC Reserves batting - Pitching for Nolensville Knights : RHP Ed Lake
Batting: SHB Michael Evershed 0-0: Called Strike
0-1: Ball
1-1: Fly out, F7 (Flyball, 78XD, EV 106.2 MPH)
Batting: LHB Miguel Fernández 0-0: Ball
1-0: Swinging Strike
1-1: Ball
2-1: Ball
3-1: Base on Balls
Batting: LHB Ted Reed 0-0: Called Strike
0-1: Called Strike
0-2: Ball
1-2: Strikes out swinging
Batting: LHB Thomas Nealy 0-0: Ball
1-0: Called Strike
1-1: Foul Ball, location: 2F
1-2: Ball
2-2: Strikes out swinging
Bottom of the 2nd over - 0 runs, 0 hits, 0 errors, 1 left on base; Nolensville 0 - Athletic Club KC 0
TOP OF THE 3RD
Nolensville Knights batting - Pitching for Athletic Club KC Reserves : LHP Ian Airy
Batting: RHB Juan Perales 0-0: Ground out 6-3 (Groundball, 6MD, EV 98.8 MPH)
Batting: RHB Dale Goodman 0-0: Called Strike
0-1: Ball
1-1: Ball
2-1: Swinging Strike
2-2: SINGLE (Groundball, 6MD, EV 105.0 MPH)
Batting: LHB Brian Harmon 0-0: Ball
1-0: Foul Ball, location: 2F
1-1: Foul Ball, location: 2F
1-2: Ball
2-2: Foul Ball, location: 2F
2-2: Foul Ball, location: 2F
2-2: Foul Ball, location: 2F
2-2: Ball
3-2: 2-RUN HOME RUN (Flyball, 89XD, EV 99.4 MPH), Distance : 412 ft
Batting: RHB Omar Luoa 0-0: Fly out, F8 (Flyball, 8RS, EV 88.8 MPH)
Batting: RHB Nick McGhee 0-0: SINGLE (Flyball, 78S, EV 93.1 MPH)
Batting: LHB Juan Jimínez 0-0: Fly out, F9 (Flyball, 89M, EV 82.5 MPH)
Top of the 3rd over - 2 runs, 3 hits, 0 errors, 1 left on base; Nolensville 2 - Athletic Club KC 0
BOTTOM OF THE 3RD
Athletic Club KC Reserves batting - Pitching for Nolensville Knights : RHP Ed Lake
Batting: RHB Gabriel Martínez 0-0: Called Strike
0-1: Ball
1-1: Ball
2-1: Foul Ball, location: 2F
2-2: Foul Ball, location: 2F
2-2: Foul Ball, location: 2F
2-2: Ball
3-2: Fly out, F7 (Flyball, 7D, EV 88.8 MPH)
Batting: RHB Marcos Quintana 0-0: Ball
1-0: DOUBLE (Flyball, 8LD, EV 84.4 MPH)
Batting: SHB Gary Hopkins 0-0: Ball
1-0: Ball
2-0: Ball
3-0: Base on Balls
Batting: RHB Dick Barnett 0-0: Foul Ball, location: 2F
0-1: Swinging Strike
0-2: Foul Ball, location: 2F
0-2: Foul Ball, location: 2F
0-2: Strikes out looking
Batting: LHB Oriol Fernández 0-0: Ball
1-0: Ball
2-0: Foul Ball, location: 2F
2-1: Fly out, F9 (Flyball, 89S, EV 80.6 MPH)
Bottom of the 3rd over - 0 runs, 1 hit, 0 errors, 2 left on base; Nolensville 2 - Athletic Club KC 0
TOP OF THE 4TH
Nolensville Knights batting - Pitching for Athletic Club KC Reserves : LHP Ian Airy
Batting: RHB Dave Maxwell 0-0: Ball
1-0: Foul Ball, location: 2F
1-1: Ball
2-1: Ground out 5-3 (Groundball, 56, EV 104.4 MPH)
Batting: LHB Jorge Mateu 0-0: Swinging Strike
0-1: Ball
1-1: Foul Ball, location: 2F
1-2: Foul Ball, location: 2F
1-2: Fly out, F8 (Flyball, 78D, EV 100.0 MPH)
Batting: RHB Ace Felder 0-0: Called Strike
0-1: Ball
1-1: Ball
2-1: Fly out, F4 (Popup, 34, EV 66.2 MPH)
Top of the 4th over - 0 runs, 0 hits, 0 errors, 0 left on base; Nolensville 2 - Athletic Club KC 0
BOTTOM OF THE 4TH
Athletic Club KC Reserves batting - Pitching for Nolensville Knights : RHP Ed Lake
Batting: SHB Michael Evershed 0-0: Swinging Strike
0-1: Swinging Strike
0-2: Strikes out looking
Batting: LHB Miguel Fernández 0-0: Ball
1-0: Ground out 4-3 (Groundball, 4, EV 78.8 MPH)
Batting: LHB Ted Reed 0-0: Ball
1-0: Foul Ball, location: 2F
1-1: Foul Ball, location: 2F
1-2: Ball
2-2: Foul Ball, location: 2F
2-2: Ball
3-2: Fly out, F8 (Line Drive, 8LD, EV 88.1 MPH)
Bottom of the 4th over - 0 runs, 0 hits, 0 errors, 0 left on base; Nolensville 2 - Athletic Club KC 0
TOP OF THE 5TH
Nolensville Knights batting - Pitching for Athletic Club KC Reserves : LHP Ian Airy
Batting: RHB Juan Perales 0-0: Swinging Strike
0-1: Ball
1-1: Ball
2-1: Called Strike
2-2: Ball
3-2: SINGLE (Groundball, 56D, EV 104.4 MPH)
Batting: RHB Dale Goodman 0-0: Fielders Choice at 2nd, 5-4 (Groundball, 56S, EV 89.4 MPH)
Batting: LHB Brian Harmon 0-0: Ball
1-0: SINGLE (Groundball, 34D, EV 93.8 MPH)
Dale Goodman to second
Runner from 2nd tries for 3rd, SAFE, throw by RF made to third
Batting: RHB Omar Luoa 0-0: Fielders Choice at 2nd, 5-4 (Groundball, 5, EV 100.6 MPH)
Dale Goodman scores
Batting: RHB Nick McGhee 0-0: Ball
1-0: SINGLE (Groundball, 4D, EV 98.8 MPH)
Omar Luoa to second
Runner from 2nd tries for 3rd, SAFE, throw by RF made to third
Batting: LHB Juan Jimínez 0-0: Ball
1-0: Foul Ball, location: 2F
1-1: Fly out, F8 (Flyball, 78M, EV 85.0 MPH)
Top of the 5th over - 1 run, 3 hits, 0 errors, 2 left on base; Nolensville 3 - Athletic Club KC 0
BOTTOM OF THE 5TH
Athletic Club KC Reserves batting - Pitching for Nolensville Knights : RHP Ed Lake
Batting: LHB Thomas Nealy 0-0: Ball
1-0: Foul Ball, location: 2F
1-1: Swinging Strike
1-2: Strikes out looking
Batting: RHB Gabriel Martínez 0-0: Ball
1-0: Called Strike
1-1: Ball
2-1: Ball
3-1: Base on Balls
Pitching: LHP Freddy Estrada
Batting: RHB Marcos Quintana 0-0: Ball
1-0: Fly out, F1 (Line Drive, P, EV 65.6 MPH)
Batting: SHB Gary Hopkins 0-0: Called Strike
0-1: Ball
1-1: Fly out, F3 (Popup, 34S, EV 81.2 MPH)
Bottom of the 5th over - 0 runs, 0 hits, 0 errors, 1 left on base; Nolensville 3 - Athletic Club KC 0
TOP OF THE 6TH
Nolensville Knights batting - Pitching for Athletic Club KC Reserves : LHP Ian Airy
Batting: RHB Dave Maxwell 0-0: Called Strike
0-1: Ball
1-1: Ground out U3 (Groundball, 34S, EV 63.1 MPH)
Batting: LHB Jorge Mateu 0-0: Called Strike
0-1: Foul Ball, location: 2F
0-2: Ground out 5-3 (Groundball, 5L, EV 85.0 MPH)
Batting: RHB Ace Felder 0-0: Ball
1-0: SINGLE (Line Drive, 7LS, EV 93.1 MPH)
Batting: RHB Juan Perales 0-0: Called Strike
0-1: Swinging Strike
0-2: Foul Ball, location: 2F
0-2: Strikes out swinging
Top of the 6th over - 0 runs, 1 hit, 0 errors, 1 left on base; Nolensville 3 - Athletic Club KC 0
BOTTOM OF THE 6TH
Athletic Club KC Reserves batting - Pitching for Nolensville Knights : LHP Freddy Estrada
Batting: RHB Dick Barnett 0-0: Called Strike
0-1: Ground out 5-3 (Groundball, 56S, EV 82.5 MPH)
Batting: LHB Oriol Fernández 0-0: Called Strike
0-1: Foul Ball, location: 2F
0-2: Ball
1-2: Strikes out swinging
Batting: SHB Michael Evershed 0-0: Called Strike
0-1: Ball
1-1: Called Strike
1-2: Strikes out swinging
Bottom of the 6th over - 0 runs, 0 hits, 0 errors, 0 left on base; Nolensville 3 - Athletic Club KC 0
TOP OF THE 7TH
Nolensville Knights batting - Pitching for Athletic Club KC Reserves : LHP Ian Airy
Batting: RHB Dale Goodman 0-0: Called Strike
0-1: Swinging Strike
0-2: Ball
1-2: Ball
2-2: Ball
3-2: Strikes out looking
Pitching: RHP Todd Garrett
Batting: LHB Brian Harmon 0-0: Fly out, F6 (Popup, 6, EV 56.2 MPH)
Batting: RHB Omar Luoa 0-0: Swinging Strike
0-1: Ball
1-1: Called Strike
1-2: Ball
2-2: Foul Ball, location: 2F
2-2: Foul Ball, location: 2F
2-2: Ball
3-2: Base on Balls
Batting: RHB Nick McGhee 0-0: Ball
1-0: Foul Ball, location: 2F
1-1: Swinging Strike
1-2: Strikes out looking
Top of the 7th over - 0 runs, 0 hits, 0 errors, 1 left on base; Nolensville 3 - Athletic Club KC 0
BOTTOM OF THE 7TH
Athletic Club KC Reserves batting - Pitching for Nolensville Knights : LHP Freddy Estrada
Batting: LHB Miguel Fernández 0-0: Foul Ball, location: 2F
0-1: Ball
1-1: Ball
2-1: Ball
3-1: Foul Ball, location: 2F
3-2: Reached on error, E3 (Groundball, 34, EV 101.2 MPH)
Batting: LHB Ted Reed 0-0: Fielders Choice at 2nd, 1-4 (Groundball, 15, EV 76.2 MPH)
Batting: LHB Thomas Nealy 0-0: Called Strike
0-1: 2-RUN HOME RUN (Flyball, 9LD, EV 92.5 MPH), Distance : 345 ft
Batting: RHB Gabriel Martínez 0-0: Ball
1-0: Foul Ball, location: 2F
1-1: Ball
2-1: SINGLE (Line Drive, 89M, EV 95.6 MPH)
Pitching: LHP Alex Calhoun
Batting: RHB Marcos Quintana 0-0: Called Strike
0-1: Foul Ball, location: 2F
0-2: Ball
1-2: Strikes out swinging
Pinch Hitting: RHB Cornelio Japón 0-0: Ball
1-0: Ball
2-0: Foul Ball, location: 2F
2-1: Ball
3-1: Called Strike
3-2: Fly out, F8 (Flyball, 8RXD, EV 98.1 MPH)
Bottom of the 7th over - 2 runs, 2 hits, 1 error, 1 left on base; Nolensville 3 - Athletic Club KC 2
TOP OF THE 8TH
Nolensville Knights batting - Pitching for Athletic Club KC Reserves : RHP Todd Garrett
Pitching: RHP Grant Gremel
Now at 2B: Terry Kurucz
Batting: LHB Juan Jimínez 0-0: Ball
1-0: Foul Ball, location: 2F
1-1: Ball
2-1: Foul Ball, location: 2F
2-2: Ball
3-2: Base on Balls
Batting: RHB Dave Maxwell 0-0: Ball
1-0: Sac Bunt to 13S - play at second, runner OUT! 1-6
Batting: LHB Jorge Mateu 0-0: Foul Ball, location: 2F
0-1: Foul Ball, location: 2F
0-2: Ball
1-2: Ball
2-2: Strikes out swinging
Batting: RHB Ace Felder 0-0: Foul Ball, location: 2F
0-1: Ground out 5-3 (Groundball, 56S, EV 84.4 MPH)
Top of the 8th over - 0 runs, 0 hits, 0 errors, 1 left on base; Nolensville 3 - Athletic Club KC 2
BOTTOM OF THE 8TH
Athletic Club KC Reserves batting - Pitching for Nolensville Knights : LHP Alex Calhoun
Batting: RHB Dick Barnett 0-0: Ball
1-0: Ball
2-0: SINGLE (Line Drive, 7LS, EV 100.6 MPH)
Pitching: LHP Chun-yeong Byung-Ho
Batting: LHB Oriol Fernández 0-0: Called Strike
0-1: Called Strike
0-2: Strikes out looking
Pinch Hitting: RHB Mei Kim 0-0: Called Strike
0-1: Swinging Strike
0-2: Ball
1-2: Foul Ball, location: 2F
1-2: Ball
2-2: Ball
3-2: Fly out, F8 (Flyball, 8RD, EV 101.9 MPH)
Batting: LHB Miguel Fernández 0-0: Foul Ball, location: 2F
0-1: Foul Ball, location: 2F
0-2: Ball
1-2: Ball
2-2: Ball
3-2: Foul Ball, location: 2F
3-2: Foul Ball, location: 2F
3-2: SINGLE (Line Drive, 6D, EV 93.8 MPH)
Dick Barnett to second
Dick Barnett to third
Pinch Hitting: RHB Kalikiano Keiki 0-0: DOUBLE (Line Drive, 7LM, EV 90.6 MPH)
Dick Barnett scores
Miguel Fernández to third
Pinch Runner at 2nd Kojuro Seki:
Batting: LHB Thomas Nealy 0-0: Ball
1-0: Ball
2-0: Swinging Strike
2-1: Ball
3-1: Base on Balls
Batting: RHB Gabriel Martínez 0-0: Ball
1-0: Called Strike
1-1: Ball
2-1: Ball
3-1: Fielders Choice at 2nd, 6-4 (Groundball, 6, EV 85.0 MPH)
Bottom of the 8th over - 1 run, 3 hits, 0 errors, 3 left on base; Nolensville 3 - Athletic Club KC 3
TOP OF THE 9TH
Nolensville Knights batting - Pitching for Athletic Club KC Reserves : RHP Grant Gremel
Now at C: Wade Tazewell
Now in CF: Mei Kim
Batting: RHB Juan Perales 0-0: Foul Ball, location: 2F
0-1: Called Strike
0-2: Strikes out swinging, 2-3 out at first.
Batting: RHB Dale Goodman 0-0: Called Strike
0-1: Ball
1-1: Ball
2-1: Ball
3-1: Swinging Strike
3-2: Foul Ball, location: 2F
3-2: Foul Ball, location: 2F
3-2: Base on Balls
Batting: LHB Brian Harmon 0-0: Ball
1-0: Swinging Strike
1-1: Ball
Dale Goodman is caught stealing 2nd base 2-6
2-1: Ball
3-1: Base on Balls
Batting: RHB Omar Luoa 0-0: DOUBLE (Groundball, 5L, EV 103.8 MPH)
Brian Harmon to third
Runner from 3rd tries for Home, SAFE, throw by LF to home
Batting: RHB Nick McGhee 0-0: Ground out 2-3 (Groundball, 2L, EV 66.9 MPH)
Top of the 9th over - 1 run, 1 hit, 0 errors, 1 left on base; Nolensville 4 - Athletic Club KC 3
BOTTOM OF THE 9TH
Athletic Club KC Reserves batting - Pitching for Nolensville Knights : LHP Chun-yeong Byung-Ho
Pitching: LHP Hank Lynn
Now at 1B: Govaart Baars
Batting: RHB Marcos Quintana 0-0: Foul Ball, location: 2F
0-1: Ball
1-1: Ball
2-1: SINGLE (Flyball, 78S, EV 98.1 MPH)
Batting: RHB Terry Kurucz 0-0: Sac Bunt to 13 - play at second, runner OUT! 1-6
Batting: RHB Dick Barnett 0-0: Ball
1-0: Called Strike
1-1: Fly out, F9 (Flyball, 9S, EV 78.1 MPH)
Pinch Hitting: RHB José García 0-0: Ball
1-0: Ball
2-0: Ball
3-0: Called Strike
3-1: Swinging Strike
3-2: Ground out 4-3 (Groundball, 4, EV 91.9 MPH)
Bottom of the 9th over - 0 runs, 1 hit, 0 errors, 1 left on base; Nolensville 4 - Athletic Club KC 3
Friday, March 26th, 2021 - OOTP Baseball 20.8 Build 74